 Dungeon Crawl Stone Soup version 0.24-a0-535-gbb0d440 (webtiles) character file.

Game seed: 3539785777711589134

37 Atlas the Grave Robber (level 3, -6/24 HPs)
             Began as a Mummy Necromancer on Aug 10, 2019.
             Killed by divine providence
             ... invoked by an orc priest
              (14 damage)
             ... on level 2 of the Dungeon.
             The game lasted 00:02:19 (1679 turns).

Atlas the Grave Robber (Mummy Necromancer)          Turns: 1679, Time: 00:02:20

Health: -6/24      AC:  3    Str: 11    XL:     3   Next: 21%
Magic:  1/8        EV: 12    Int: 15    God:
Gold:   68         SH:  0    Dex: 12    Spells: 5/9 levels left

rFire    x . .     SeeInvis .   (no weapon)
rCold    + . .     Gourm    .   (no shield)
rNeg     + + +     Faith    .   d - +0 leather armour
rPois    ∞         Spirit   .   (no helmet)
rElec    .         Reflect  .   (no cloak)
rCorr    .         Harm     .   (no gloves)
MR       .....                  (no boots)
Stlth    +.........             (no amulet)
HPRegen  0.08/turn              (no ring)
MPRegen  0.11/turn              (no ring)

@: no status effects
A: no food or potions, fire vulnerability, cold resistance 1, negative energy
resistance 3, torment resistance, unbreathing
a: no special abilities


You were on level 2 of the Dungeon.
You were not hungry.

You visited 1 branch of the dungeon, and saw 2 of its levels.

You collected 68 gold pieces.

Inventory:

Armour
 a - a +0 robe
 d - a +0 leather armour (worn)
Scrolls
 b - a scroll of fog {unknown}
 c - 3 scrolls of remove curse {unknown}
 e - a scroll of teleportation {unknown}
 f - a scroll of blinking {unknown}


   Skills:
 + Level 1.8 Dodging
 + Level 1.5 Stealth
 + Level 3.5 Spellcasting
 + Level 4.5 Necromancy


You had 5 spell levels left.
You knew the following spells:

 Your Spells              Type           Power        Failure   Level  Hunger
a - Pain                  Necr           ###.         3%          1    N/A
c - Vampiric Draining     Necr           ###.......   12%         3    N/A

Your spell library contained the following spells:

 Spells                   Type           Power        Failure   Level  Hunger
 Animate Skeleton         Necr           N/A          3%          1    N/A
 Animate Dead             Necr           N/A          36%         4    N/A
 Regeneration             Chrm/Necr      Unusable     N/A         3    N/A

Dungeon Overview and Level Annotations

Branches:
Dungeon (2/15)

Altars:


Innate Abilities, Weirdness & Mutations

You do not eat or drink.
Your flesh is vulnerable to fire.
You are immune to poison.
Your flesh is cold resistant. (rC+)
You are immune to negative energy. (rN+++)
You are immune to unholy pain and torment.
You can survive without breathing.


Message History

a +0 hand axe; a cursed +0 leather armour; an orc corpse An orc wizard comes into view.
It is wielding a +0 dagger.
The orc wizard shouts!
Your magical contamination has completely faded away.
The orc wizard gestures at you while chanting.
You resist with some effort.
You hear a shout!
Things that are here:
a +0 mace; a +0 scale mail An orc priest comes into view.
It is wielding a +0 club.
The orc priest shouts!
You see here a goblin corpse.
The orc wizard mumbles some strange words.
The orc wizard flickers and vanishes!
Deactivating autopickup; reactivate with Ctrl-A.
The orc priest miscasts a cantrip.
The orc priest mumbles some strange prayers to Beogh against you.
Beogh smites you!
Ouch! That really hurt!
You die...

#.#..!#.# .#.#...#.#
##.#.#.!.#.#
...#.#...#)##########.#
...#<#.....)...)......#
...###..##o#########...#
..# #..##†# # ..#
#..##.######### ..#
#..##..o..r@..# ..#
#..##########.# ..#
#..###......#.# ..#
#...........#.# ..#
#.####.######.# ..# #.#
#......#.# ### #.#
######.#.# #.# #.#.# #.#
#†#.#


You could see an orc priest and a rat.

Vanquished Creatures
  A worm (D:2)
  A dart slug (D:2)
  3 orcs (D:2)
  A giant cockroach (D:1)
  3 goblins
  5 hobgoblins
  3 bats
  3 frilled lizards (D:1)
  6 kobolds
  2 rats
28 creatures vanquished.

Notes
Turn   | Place    | Note
-------+----------+-------------------------------------------
     0 | D:1      | Atlas the Mummy Necromancer began the quest for the Orb.
     0 | D:1      | Reached XP level 1. HP: 13/13 MP: 4/4
   427 | D:1      | Reached XP level 2. HP: 19/19 MP: 2/5
  1220 | D:2      | Noticed a black bear
  1586 | D:2      | Reached XP level 3. HP: 16/24 MP: 1/7
  1591 | D:2      | Learned a level 3 spell: Vampiric Draining
  1679 | D:2      | Killed from afar by an orc priest

Levels and vault maps discovered:
D:1:      scummos_arrival_star, layout_loops_cross
D:2:      layout_basic, chequers_ecumenical_altar_simple

Skill      XL: |  1  2 |
---------------+-------+-----
Spellcasting   | 3 |  3.5
Dodging        | |  1.8
Stealth        | |  1.5
Necromancy     | |  4.5

Action                   || total
-------------------------++-------
Melee: Unarmed           ||    22
 Cast: Pain              ||    61
Armor: Leather armour    ||     7
       Robe              ||     1
Dodge: Dodged            ||    15

Table legend:
 A = Non-vault XP
 B = Vault XP
 C = Vault XP percentage of total XP
 D = Non-vault monster count
 E = Vault monster count
 F = Vault count percentage of total count
                 A         B        C        D         E       F
            +---------+---------+-------+---------+---------+-------
      Total |      53 |       0 |   0.0 |      28 |       0 |   0.0
            +---------+---------+-------+---------+---------+-------
        D:1 |      28 |       0 |   0.0 |      18 |       0 |   0.0
        D:2 |      25 |       0 |   0.0 |      10 |       0 |   0.0
            +---------+---------+-------+---------+---------+-------
